 Dungeon Crawl Stone Soup version 0.29.1-1-gd02db6906a (webtiles) character file.

Game seed: 12036733404543278242

241 Senryu the Trooper (level 6, -1/52 HPs)
             Began as a Hill Orc Monk on Oct 7, 2022.
             Slain by a gnoll bouda
             ... wielding a +0 whip
              (9 damage)
             ... on level 5 of the Dungeon.
             The game lasted 00:10:26 (2626 turns).

Senryu the Trooper (Hill Orc Monk)                  Turns: 2626, Time: 00:10:26

Health: -1/52      AC:  2    Str: 16    XL:     6   Next: 8%
Magic:  7/7        EV: 12    Int: 10    God:
Gold:   144        SH:  0    Dex: 13    Spells: 6/7 levels left

rFire   + + .      SeeInvis .   k - +10 sling "Mopreix" {venom, rPois rF+}
rCold   . . .      Faith    +   (no shield)
rNeg    . . .      Spirit   .   b - +0 robe
rPois   +          Reflect  .   (no helmet)
rElec   .          Harm     .   (no cloak)
rCorr   .          Rampage  .   (no gloves)
Will    .....                   (no boots)
Stlth   ++........              c - amulet of faith
HPRegen 0.17/turn               h - ring of protection from fire
MPRegen 0.10/turn               (no ring)

@: weakened
A: no striking features
a: no special abilities


You were on level 5 of the Dungeon.
You visited 1 branch of the dungeon, and saw 5 of its levels.

You collected 144 gold pieces.

Inventory:

Hand Weapons
 a - a +0 spear
 d - a +0 short sword of electrocution
 k - the +10 sling "Mopreix" (weapon) {venom, rPois rF+}
   (You found it on level 4 of the Dungeon)

   Any ammunition fired from it poisons the flesh of those it strikes.
   rF:        It protects you from fire.
   rPois:     It protects you from poison.
Armour
 b - a +0 robe (worn)
Jewellery
 c - an amulet of faith (around neck)
 h - a ring of protection from fire (left hand)
Wands
 e - a wand of flame (29)
Scrolls
 f - a scroll of magic mapping
 j - a scroll of poison {unknown}
 l - a scroll of teleportation
 m - a scroll of amnesia {unknown}
Potions
 i - a potion of brilliance {unknown}
 n - a potion of berserk rage {unknown}


   Skills:
 * Level 4.2 Fighting
 * Level 1.4 Short Blades
 * Level 4.0(4.1) Polearms
 * Level 1.0(2.3) Staves
 * Level 0.5 Ranged Weapons
 * Level 1.4 Armour
 * Level 3.0 Dodging
 * Level 2.0 Stealth
 * Level 1.2 Spellcasting
 * Level 1.7 Earth Magic
 * Level 0.2 Evocations


You had 6 spell levels left.
You knew the following spells:

 Your Spells              Type           Power      Damage    Failure   Level
a - Sandblast             Erth           8%         2d5       17%         1

Your spell library contained the following spells:

 Spells                   Type           Power      Damage    Failure   Level


Dungeon Overview and Level Annotations

Branches:
Dungeon (5/15)
 Temple: D:4-7

Altars:
Cheibriados
Dithmenos
Elyvilon


Message History

Aim: a gnoll bouda, wielding a +0 whip and wearing a +0 robe (heavily wounded, 71% to hit)
You shoot a sling bullet.
The sling bullet hits the gnoll bouda but does no damage.
The gnoll bouda is poisoned.
The gnoll bouda is heavily wounded.
The gnoll bouda completely misses you. The gnoll hits you with a +0 club.
The gnoll bouda hits you with a +0 whip!
* * * LOW HITPOINT WARNING * * *
You feel much better.
Your attacks no longer feel as feeble.
The gnoll barely misses you.
The gnoll bouda hits you with a +0 whip.
Fire: k) +10 sling "Mopreix" {venom, rPois rF+}
Press: ? - help, Q - select action, (/) - cycle Shift-Dir - straight line, f - gnoll, p - gnoll bouda
Aim: a gnoll, wielding a +0 club (covering ground quickly, 71% to hit)
You shoot a sling bullet.
The sling bullet barely misses the gnoll.
The sling bullet closely misses the butterfly.
The gnoll closely misses you.
The gnoll bouda hits you but does no damage.
Fire: k) +10 sling "Mopreix" {venom, rPois rF+}
Press: ? - help, Q - select action, (/) - cycle Shift-Dir - straight line, f/p - gnoll
Aim: a gnoll, wielding a +0 club (covering ground quickly, 71% to hit)
You shoot a sling bullet. The sling bullet hits the gnoll.
The gnoll is moderately wounded.
The gnoll closely misses you.
The gnoll bouda gazes fiercely through you!
You feel your attacks grow feeble. The gnoll bouda closely misses you.
The gnoll hits you with a +0 club.
The gnoll bouda hits you with a +0 whip!
* * * LOW HITPOINT WARNING * * *
Fire: k) +10 sling "Mopreix" {venom, rPois rF+}
Press: ? - help, Q - select action, (/) - cycle Shift-Dir - straight line, f/p - gnoll
Aim: a gnoll, wielding a +0 club (moderately wounded, covering ground quickly, 71% to hit)
You shoot a sling bullet. The sling bullet hits the gnoll.
The gnoll is heavily wounded.
The gnoll hits you with a +0 club!
* * * LOW HITPOINT WARNING * * *
The gnoll bouda hits you with a +0 whip!
You die...

####.#.....
.$..........
##.!........
#...........
########..)........
#.....##...........
#)....##.#.)......#
#.....##...gg......
#..........@.......
#|.................
#....[###..........
#.....# #......>...
#.....# ##........#
#.....# ##......##
#.<...# #####.##
####### .# #


You could see a gnoll bouda (poisoned) and a gnoll (swift).

Vanquished Creatures
  2 howler monkeys (D:4)
  A jelly (D:5)
  An iguana (D:4)
  3 gnolls (D:5)
  2 adders (D:4)
  A white imp (D:5)
  A worm (D:3)
  2 dart slugs
  3 orcs (D:3)
  2 endoplasms
  6 goblins
  5 hobgoblins
  4 kobolds
  3 quokkas (D:4)
  4 ball pythons
  3 bats (D:3)
  2 frilled lizards (D:1)
  3 rats
48 creatures vanquished.

Notes
Turn   | Place    | Note
-------+----------+-------------------------------------------
     0 | D:1      | Senryu the Hill Orc Monk began the quest for the Orb.
     0 | D:1      | Reached XP level 1. HP: 19/19 MP: 1/1
    62 | D:1      | Found a faded altar of an unknown god.
    83 | D:1      | Got Plato's Quarto of Silt
   207 | D:2      | Reached XP level 2. HP: 27/27 MP: 2/2
   209 | D:2      | Learned a level 1 spell: Sandblast
   409 | D:3      | Reached XP level 3. HP: 25/33 MP: 1/3
   612 | D:4      | Found a white marble altar of Elyvilon.
   634 | D:4      | Reached XP level 4. HP: 18/40 MP: 1/4
   636 | D:4      | Reached skill level 1 in Short Blades
   636 | D:4      | Reached skill level 1 in Armour
   636 | D:4      | Reached skill level 1 in Earth Magic
   886 | D:4      | Reached skill level 1 in Spellcasting
   886 | D:4      | Reached XP level 5. HP: 31/46 MP: 4/6
  1593 | D:4      | Identified the +10 sling "Mopreix" {venom, rPois rF+}
  1608 | D:4      | Found a shadowy altar of Dithmenos.
  1877 | D:3      | Found a snail-covered altar of Cheibriados.
  2306 | D:5      | Entered Level 5 of the Dungeon
  2321 | D:5      | Noticed a water moccasin
  2617 | D:5      | Reached skill level 1 in Staves
  2618 | D:5      | Reached XP level 6. HP: 52/52 MP: 7/7
  2626 | D:5      | Slain by a gnoll bouda

Illustrated notes

Levels and vault maps discovered:
D:1:      lightli_iron_boxes, layout_basic, shapermc_ecumenical_altar_rom_forum,
          chequers_hall_statues_wall_a, minmay_pentomino_w4
D:2:      layout_basic
D:3:      layout_loops_cross, mainiacjoe_overflow_concentric_impassable,
          chequers_mini_garden, minmay_between
D:4:      layout_basic, old_standard_altar, lemuel_crystal_altar
D:5:      layout_rooms, kennysheep_mini, xom_butterflies,
          minmay_temple_entry_slanted, gammafunk_ghost_nasty_kobolds,
          minmay_puff

Skill      XL: |  1  2  3  4  5 |
---------------+----------------+-----
Fighting       | 4 |  4.2
Short Blades   | 1 |  1.4
Armour         | 1 |  1.4
Earth Magic    | 1 |  1.7
Spellcasting   | 1 |  1.2
Dodging        | 3 |  3.0
Polearms       | 4 |  4.0
Stealth        | 2 |  2.0
Staves         | 1 |  1.0
Ranged Weapons | |  0.5
Evocations     | |  0.2

Action                   |  1- 3 |  4- 6 || total
-------------------------+-------+-------++-------
Melee: Short sword       |    74 |    30 ||   104
 Fire: Sling             |       |    27 ||    27
 Cast: Sandblast         |    15 |     8 ||    23
  Use: Scroll            |     4 |     2 ||     6
       Potion            |     2 |     1 ||     3
 Stab: Held in net/web   |     1 |       ||     1
       Sleeping          |     1 |       ||     1
Armor: Robe              |    11 |     7 ||    18
Dodge: Dodged            |    62 |    37 ||    99
